 Dungeon Crawl Stone Soup version 0.31-a0-18-gea43df2a32 (webtiles) character file.

Game seed: 13859669750207752589

14 Brille the Poker (level 2, -1/27 (29) HPs)
             Began as an Ogre Gladiator on May 9, 2023.
             Slain by Terence
             ... wielding the +7 Throatcutter {drain, coup de grace}
              (2 damage)
             ... on level 2 of the Dungeon.
             The game lasted 00:04:08 (260 turns).

Brille the Poker (Ogre Gladiator)                    Turns: 260, Time: 00:04:09

HP:   -1/27 (29)    AC:  3    Str: 17    XL:     2   Next: 45%
MP:   2/2           EV: 10    Int:  9    God:
Gold: 31            SH:  0    Dex: 10    Spells: 1/1 levels left

rFire   . . .        a - +0 trident
rCold   . . .        (no shield)
rNeg    . . .        b - +0 robe
rPois   .            c - +0 hat
rElec   .            (no cloak)
rCorr   .            (gloves unavailable)
SInv    .            (boots unavailable)
Will    .....        (no amulet)
Stlth   +            (no ring)
HPRegen 0.24/turn    (no ring)
MPRegen 0.08/turn

%: no passive effects
@: drained
A: large, unfitting armour, tough skin 1
a: no special abilities


You were on level 2 of the Dungeon.
You visited 1 branch of the dungeon, and saw 2 of its levels.

You collected 31 gold pieces.

Inventory:

Hand Weapons
 a - a +0 trident (weapon)
 g - a +0 short sword
 j - a +0 whip
 l - a +0 war axe
 n - a +0 short sword
Missiles
 d - 3 throwing nets (quivered)
 e - a large rock
 i - 5 poisoned darts
 k - 5 stones
Armour
 b - a +0 robe (worn)
 c - a +0 hat (worn)
Scrolls
 f - a scroll of blinking {unknown}
 m - a scroll of identify {unknown}
 o - a scroll of enchant armour {unknown}
Potions
 h - a potion of resistance {unknown}


   Skills:
 + Level 2.9 Fighting
 + Level 3.3 Polearms
 + Level 2.0 Throwing
 + Level 3.0 Dodging


You had one spell level left.
You didn't know any spells.
Your spell library was empty.

Dungeon Overview and Level Annotations

Branches:
Dungeon (2/15)

Altars:
Makhleb

Annotations:
D:2 Terence


Innate Abilities, Weirdness & Mutations

You are too large for most types of armour.
You have tough skin. (AC +1)


Message History

You see here a hobgoblin corpse.
A goblin comes into view. It is wielding a +0 club.
The goblin shouts!
You hear a shout!
Terence the Incautious comes into view.
He is wielding the +7 Throatcutter {drain, coup de grace} and carrying a wand of quicksilver (9).
The goblin hits you with a +0 club.
You barely miss the goblin. The goblin misses you.
You hit the goblin but do no damage. The goblin hits you but does no damage.
You hit the goblin but do no damage. The goblin closely misses you.
You hit the goblin.
You kill the goblin!
A frilled lizard comes into view.
Terence zaps a wand.
The bolt of dispelling energy hits you!
A kobold comes into view. It is wielding a +0 short sword.
Things that are here:
a +0 club; 13 gold pieces The frilled lizard hisses angrily.
The kobold shouts!
A bat comes into view.
A frilled lizard comes into view.
Terence hits you with the +7 Throatcutter {drain, coup de grace}!
* * * LOW HITPOINT WARNING * * *
You feel drained.
* * * LOW HITPOINT WARNING * * *
You hit Terence.
Terence is moderately wounded.
Terence barely misses you.
You hit Terence but do no damage.
Terence is moderately wounded.
Terence asks, "Do you want it fast or slow?"
Terence closely misses you. The bat barely misses you.
A ball python comes into view.
The ball python hisses angrily.
You hit Terence but do no damage.
Terence is moderately wounded.
The bat closely misses you.
Terence hits you with the +7 Throatcutter {drain, coup de grace}.
* * * LOW HITPOINT WARNING * * *
You feel drained.
* * * LOW HITPOINT WARNING * * *
The frilled lizard bites you but does no damage.
Terence hits you with the +7 Throatcutter {drain, coup de grace}.
You die...

#.# #...
#.## #..
#..# .#
##.# #.#
#.# # #.##
...
##).#.....
#.@...#
#K@l.##
#..b.#
l..#...
......###
......##
.....S.
#........


You could see Terence, a bat, a ball python, a kobold and 2 frilled lizards.

Vanquished Creatures
  A bat (D:1)
  2 endoplasms (D:1)
  A goblin (D:2)
  2 hobgoblins
  3 kobolds
  3 frilled lizards
12 creatures vanquished.

Notes
Turn   | Place    | Note
-------+----------+-------------------------------------------
     0 | D:1      | Brille the Ogre Gladiator began the quest for the Orb.
     0 | D:1      | Reached XP level 1. HP: 22/22 MP: 1/1
   158 | D:1      | Reached XP level 2. HP: 20/29 MP: 2/2
   200 | D:2      | Found a burning altar of Makhleb.
   251 | D:2      | Noticed Terence
   260 | D:2      | HP: 1/27 [Terence/the +7 Throatcutter {drain, coup de
                  | grace} (1)]
   260 | D:2      | Slain by Terence

Illustrated notes

Levels and vault maps discovered:
D:1:      roderic_crossed_star, layout_rooms,
          dreamdust_ecumenical_altar_angels_and_demons, serial_bayou_lagoon_a,
          kennysheep_nondescript
D:2:      layout_rooms, basic_altar, uniq_terence, uniq_sigmund

Skill      XL: |  1  2 |
---------------+-------+-----
Dodging        | 3 |  3.0
Fighting       | |  2.9
Polearms       | |  3.3
Throwing       | |  2.0

Action                     || total
---------------------------++-------
  Melee: Trident           ||    34
 Armour: Robe              ||    16
  Dodge: Dodged            ||    36

Table legend: (Time is in decaauts)
 A = Elapsed time spent in this place.
 B = Non-inter-level travel time spent in this place.
 C = Inter-level travel time spent in this place.
 D = Time resting spent in this place.
 E = Time spent auto-exploring this place.
 F = Levels seen in this place.
 G = Mean time per level.
                   A        B        C        D        E       F      G
               +--------+--------+--------+--------+--------+-----+--------+
         Total |    263 |    263 |      0 |      0 |     14 |   2 |  131.5 |
       Dungeon |    263 |    263 |      0 |      0 |     14 |   2 |  131.5 |
               +--------+--------+--------+--------+--------+-----+--------+

Top non-repeatable levels by time:
     D:1: 201 daAuts
     D:2: 61 daAuts
